 Dungeon Crawl Stone Soup version 0.23.2 (webtiles) character file.

Game seed: 14165762131056155910

81 Nekros the Sneak (level 4, -1/21 HPs)
             Began as a Spriggan Enchanter on Apr 13, 2019.
             Slain by an adder (2 damage)
             ... on level 2 of the Dungeon.
             The game lasted 00:11:06 (2916 turns).

Nekros the Sneak (Spriggan Enchanter)               Turns: 2916, Time: 00:11:07

Health: -1/21      AC:  2    Str:  4    XL:     4   Next: 19%
Magic:  3/10       EV: 18    Int: 16    God:
Gold:   80         SH:  0    Dex: 17    Spells: 7/10 levels left

rFire    . . .     SeeInvis +   a - +1 dagger
rCold    . . .     Gourm    .   (shield restricted)
rNeg     . . .     Faith    .   b - +0 robe
rPois    .         Spirit   .   (helmet restricted)
rElec    .         Reflect  .   (no cloak)
rCorr    .         Harm     .   (gloves unavailable)
MR       .....                  (boots unavailable)
Stlth    +++.......             (no amulet)
HPRegen  0.07/turn              (no ring)
MPRegen  0.12/turn              (no ring)

@: lethally poisoned (-1 -> -3), very slightly contaminated, very quick
A: very small, unfitting armour, see invisible, herbivore, speed 3, slow
metabolism 2
a: no special abilities


You were on level 2 of the Dungeon.
You were hungry.

You visited 1 branch of the dungeon, and saw 2 of its levels.

You collected 80 gold pieces.

Inventory:

Hand Weapons
 a - a +1 dagger (weapon)
Missiles
 g - 20 poisoned needles
 k - 8 needles of sleeping
Armour
 b - a +0 robe (worn)
Scrolls
 c - a scroll of teleportation {unknown}
 e - 3 scrolls of identify {unknown}
 h - a scroll of fog {unknown}
 i - 2 scrolls of amnesia {unknown}
 l - a scroll of random uselessness {unknown}
Potions
 f - a potion of mutation {unknown}
 j - a potion of lignification {unknown}
Comestibles
 d - 3 rations


   Skills:
 - Level 1.1 Short Blades
 - Level 3.0 Dodging
 - Level 6.1 Stealth
 * Level 3.7 Spellcasting
 + Level 4.1 Hexes
 + Level 0.8 Ice Magic


You had 7 spell levels left.
You knew the following spells:

 Your Spells              Type           Power        Failure   Level  Hunger
a - Corona                Hex            ###....      3%          1    None
b - Ensorcelled Hibernat  Hex/Ice        ##....       10%         2    ##.....

Your spell library contained the following spells:

 Spells                   Type           Power        Failure   Level  Hunger
 Confuse                  Hex            ###.....     10%         3    ###....
 Tukima's Dance           Hex            ###.....     10%         3    ###....
 Dazzling Spray           Conj/Hex       #.....       22%         3    ###....


Dungeon Overview and Level Annotations

Branches:
Dungeon (2/15)

Altars:

Annotations:
D:2 Jessica


Innate Abilities, Weirdness & Mutations

You are very small and have problems with some larger weapons.
You are too small for most types of armour.
You have supernaturally acute eyesight. (SInv)
You are a herbivore.
You cover ground extremely quickly.
You need to consume almost no food.


Message History

You hit the hobgoblin but do no damage. The hobgoblin barely misses you.
You hit the hobgoblin but do no damage. You hit the hobgoblin.
The hobgoblin is moderately wounded.
The hobgoblin barely misses you.
You barely miss the hobgoblin.
The hobgoblin is moderately wounded.
* * * LOW HITPOINT WARNING * * *
You feel sick. The adder closely misses you. The hobgoblin barely misses you.
The adder misses you.
Casting: Ensorcelled Hibernation (safe; 10% risk of failure)
Confirm with . or Enter, or press ? or * to list all spells.
Aiming: Ensorcelled Hibernation (safe; 10% risk of failure)
Press: ? - help, Shift-Dir - straight line, f - hobgoblin, p - adder
Aim: a hobgoblin, wielding a +0 club (moderately wounded, chance to defeat MR: 59%)
You miscast Ensorcelled Hibernation.
You are very lightly contaminated with residual magic.
Nothing appears to happen.
The hobgoblin completely misses you. The adder bites you.
You die...

.# .# #.# .# #.# K#
# #.# .##.# #.#
...># #.# .#### #.#
..# #g# ..# #@# ..#
#S# ..######## #.#
†.......)# #.#
..######.# #.#
.......#.# #.#
..###.##.#######.##
......##.#...S....#
#.######.#.###.#.##


You could see an adder and a hobgoblin.

Vanquished Creatures
  4 adders (D:2)
  An ooze (D:2)
  2 dart slugs (D:1)
  A giant cockroach (D:1)
  9 goblins
  5 hobgoblins
  5 bats
  A frilled lizard (D:2)
  6 kobolds
  6 rats (D:1)
40 creatures vanquished.

Notes
Turn   | Place    | Note
-------+----------+-------------------------------------------
     0 | D:1      | Nekros the Spriggan Enchanter began the quest for the Orb.
     0 | D:1      | Reached XP level 1. HP: 9/9 MP: 5/5
   118 | D:1      | Reached skill level 5 in Stealth
   144 | D:1      | Reached XP level 2. HP: 13/13 MP: 6/6
   346 | D:1      | Learned a level 2 spell: Ensorcelled Hibernation
   478 | D:1      | Reached skill level 6 in Stealth
  1728 | D:2      | Reached XP level 3. HP: 16/16 MP: 8/8
  2277 | D:2      | Noticed Jessica
  2750 | D:2      | Reached XP level 4. HP: 18/21 MP: 0/10
  2915 | D:2      | HP: 1/21 [poisoned by an adder]
  2916 | D:2      | Slain by an adder

Skill      XL: |  1  2  3 |
---------------+----------+-----
Stealth        | 5 6 |  6.1
Spellcasting   | 3 |  3.7
Hexes          | 4 |  4.1
Short Blades   | |  1.1
Dodging        | |  3.0
Ice Magic      | |  0.8

Action                   |  1- 3 |  4- 6 || total
-------------------------+-------+-------++-------
Melee: Dagger            |    97 |    46 ||   143
 Cast: Ensorcelled Hiber |    26 |     5 ||    31
       Corona            |     2 |       ||     2
 Stab: Sleeping          |    23 |       ||    23
  Eat: Ration            |     3 |       ||     3
Armor: Robe              |    12 |     3 ||    15
Dodge: Dodged            |    81 |    47 ||   128
